 Dungeon Crawl Stone Soup version 0.27-a0-1105-g946c659c87 (webtiles) character file.

Game seed: 9475040567050850282

76792 robertstho the Cleaver (level 15, -17/96 HPs)
             Began as a Tengu Fighter on Apr 29, 2021.
             Was the Champion of Qazlal.
             Killed from afar by Jorgrun (55 damage)
             ... with an iron shot
             ... on level 13 of the Dungeon.
             The game lasted 00:31:29 (15930 turns).

robertstho the Cleaver (Tengu Fighter)             Turns: 15930, Time: 00:31:29

Health: -17/96     AC: 38    Str: 28    XL:     15   Next: 54%
Magic:  22/22      EV:  8    Int: 11    God:    Qazlal [******]
Gold:   1432       SH: 29    Dex: 21    Spells: 14/14 levels left

rFire    + + .     SeeInvis .   T - +2 broad axe (flame)
rCold    + . .     Faith    .   B - +0 tower shield
rNeg     . . .     Spirit   .   R - +4 crystal plate armour "Iruiqos" {rF++ Str+6 Dex+3}
rPois    .         Reflect  .   (helmet restricted)
rElec    .         Harm     .   D - +2 cloak {rCorr}
rCorr    +         Rampage  .   r - +0 pair of gloves
Will     .....                  (boots unavailable)
Stlth    ..........             x - amulet of regeneration
HPRegen  1.26/turn              f - ring "Vefuh" {rC+ Will- AC+4 Int+2}
MPRegen  0.18/turn              m - ring of Iduitus {EV+4 Dex+4 Stlth+}

@: lethally poisoned (-17 -> -18), grasped by roots, protected from physical
damage, flying quickly and evasively, constricted, studying Ice Magic, repel
missiles, quick
A: beak, talons 3, nimble flight
a: Renounce Religion, Upheaval, Elemental Force, Disaster Area


You were on level 13 of the Dungeon.
You worshipped Qazlal.
Qazlal was exalted by your worship.
You visited 3 branches of the dungeon, and saw 20 of its levels.
You also visited: Sewer and Ice Cave.

You collected 1733 gold pieces.
You spent 301 gold pieces at shops.

Inventory:

Hand Weapons
 H - a +2 hand axe of electrocution
 J - the +6 mace of the Enchanted Forest {drain, rElec rN+ Int-5}
   (You took it off an orc on level 10 of the Dungeon)

   A truly terrible weapon, it drains the life of those it strikes.
   It affects your intelligence (-5).
   It insulates you from electricity.
   It protects you from negative energy.
 T - a +2 broad axe of flaming (weapon)
Missiles
 o - 4 curare-tipped darts (quivered)
 N - 3 throwing nets
 U - 4 atropa-tipped darts
Armour
 r - a +0 pair of gloves (worn)
 B - a +0 tower shield (worn)
 D - a +2 cloak of preservation (worn)
 R - the +4 crystal plate armour "Iruiqos" (worn) {rF++ Str+6 Dex+3}
   (You acquired it on level 3 of the Lair of Beasts)

   It affects your strength (+6).
   It affects your dexterity (+3).
   It greatly protects you from fire.
Jewellery
 a - a ring of fire
 b - a ring of poison resistance
 f - the ring "Vefuh" (left hand) {rC+ Will- AC+4 Int+2}
   (You acquired it on level 2 of the Dungeon)

   [ring of protection]

   It affects your AC (+4).
   It affects your intelligence (+2).
   It protects you from cold.
   It decreases your willpower.
 m - the ring of Iduitus (right hand) {EV+4 Dex+4 Stlth+}
   (You found it in an ice cave)

   [ring of evasion]

   It affects your evasion (+4).
   It affects your dexterity (+4).
   It makes you more stealthy.
 t - a ring of wizardry
 u - a ring of willpower
 v - a ring of protection from fire
 x - an amulet of regeneration (around neck)
 F - a ring of ice
 G - a +4 ring of protection
 K - a ring of positive energy
 Q - a ring of ice
Wands
 w - a wand of mindburst (32)
 I - a wand of digging (5)
 L - a wand of charming (7)
 O - a wand of iceblast (20)
 Z - a wand of acid (6)
Scrolls
 c - 5 scrolls of fear
 e - 4 scrolls of immolation
 i - 5 scrolls of brand weapon
 l - 4 scrolls of enchant weapon
 n - 4 scrolls of fog
 q - 3 scrolls of magic mapping
 s - 2 scrolls of identify
 y - 8 scrolls of blinking
 z - 9 scrolls of teleportation
 A - 2 scrolls of enchant armour
Potions
 d - 2 potions of haste
 g - 7 potions of attraction
 h - a potion of invisibility
 j - 2 potions of cancellation
 k - 2 potions of resistance
 p - 5 potions of curing
 C - 2 potions of magic
 E - 2 potions of mutation
 M - a potion of berserk rage
 P - 6 potions of heal wounds
 W - 2 potions of ambrosia
 X - a potion of might


   Skills:
 * Level 12.0 Fighting
 + Level 14.5(14.8) Axes
 + Level 4.8(10.8) Maces & Flails
 * Level 13.3 Armour
 + Level 3.9 Dodging
 + Level 1.2 Stealth
 + Level 12.5 Shields
 * Level 9.1 Invocations


You had 14 spell levels left.
You didn't know any spells.
Your spell library contained the following spells:

 Spells                   Type           Power      Damage    Failure   Level
 Animate Skeleton         Necr           0%         N/A       100%        1
 Pain                     Necr           0%         1d4       100%        1
 Sting                    Tmut/Pois      0%         1d3       100%        1
 Poisonous Vapours        Pois/Air       0%         N/A       100%        2
 Confusing Touch          Hex            0%         N/A       100%        3
 Gell's Gravitas          Tloc           0%         N/A       100%        3
 Ignite Poison            Fire/Tmut/Pois 0%         N/A       100%        3
 Mephitic Cloud           Conj/Pois/Air  0%         N/A       100%        3
 Vampiric Draining        Necr           0%         2d6       100%        3
 Animate Dead             Necr           0%         N/A       100%        4
 Olgreb's Toxic Radiance  Pois           0%         N/A       100%        4
 Petrify                  Tmut/Erth      0%         N/A       100%        4
 Agony                    Necr           0%         N/A       100%        5
 Metabolic Englaciation   Hex/Ice        0%         N/A       100%        5
 Yara's Violent Unravell  Hex/Tmut       0%         3d3       100%        5


Dungeon Overview and Level Annotations

Branches:
Dungeon (13/15)            Temple (1/1) D:5            Lair (6/6) D:11
 Shoals (0/4) Lair:4        Snake (0/4) Lair:2        Slime (0/5) Lair:6
    Orc (0/2) D:12          Sewer (visited)           IceCv (visited)
 Vaults: D:13-14

Altars:
Ashenzari
Cheibriados
Fedhas
Gozag
Kikubaaqudgha
Makhleb
Nemelex Xobeh
Okawaru
Qazlal
Ru
Sif Muna
Trog
Uskayaw
Wu Jian
Yredelemnul
Zin
Beogh

Shops:
D:5 *:*[:   D:6 *

Annotations:
D:13 3 runed translucent doors, Ejaov's ghost, journeyman GnWr; Eplif's ghost, journeyman MiGl; Jorgrun; Xiat Xai's ghost, journeyman DrFE


Innate Abilities, Weirdness & Mutations

You have a beak for a mouth.
You have claws for feet.
Your magical nature lets you fly swiftly and evasively.


Message History

You block the manticore's attack.
Jorgrun is engulfed in blazing flames.
Jorgrun hits you but does no damage. The grasping roots constrict you!
You block the green ugly thing's attack.
You are too injured to fight recklessly!
Unknown command.
You are too injured to fight recklessly!
Unknown command.
You are too injured to fight recklessly!
Unknown command.
You are too injured to fight recklessly!
Unknown command.
You are too injured to fight recklessly!
Unknown command.
You are too injured to fight recklessly!
Unknown command.
You slice the manticore!! You burn the manticore.
You kill the manticore!
Qazlal accepts your kill.
You slash Jorgrun! You burn Jorgrun. You slice the green ugly thing!!
You burn the green ugly thing.
You feel sick. You block Jorgrun's attack. The grasping roots constrict you.
The green ugly thing engulfs you but does no damage.
You hit Jorgrun. You burn Jorgrun. You claw Jorgrun. Your peck misses Jorgrun.
Jorgrun is almost dead.
You closely miss the green ugly thing.
You feel sick. Jorgrun gestures at you while chanting. You block the iron shot.
The grasping roots constrict you.
The green ugly thing engulfs you but does no damage.
Unknown command.
You slash Jorgrun! You burn Jorgrun. Your kick misses Jorgrun.
You peck Jorgrun.
Jorgrun is almost dead.
You slash the green ugly thing! You burn the green ugly thing.
You kill the green ugly thing!
Qazlal accepts your kill.
You feel sick. Jorgrun casts a spell at you. The iron shot hits you!!!
Ouch! That really hurt!
You die...

#####
####################....
........................
..####.############....
##°.○.#### #....
#.g@§....# #....
......)).§#### #....
....####...# #[... ...
##... #.... . ##...
#.... ##. # .. ...#
#...#


You could see Jorgrun.

Vanquished Creatures
  Rupert (Lair:6)
  Frances (D:13)
  Kirke (D:13)
  A fire dragon (Lair:6)
  Harold (D:11)
  An ice dragon (Lair:6)
  11 hydras
  A death knight (D:11)
  A boulder beetle (D:11)
  A centaur warrior (D:13)
  4 two-headed ogres
  Urug (Lair:6)
  Nergalle (Lair:1)
  3 skeletal warriors (D:12)
  A lindwurm (Lair:6)
  A phantasmal warrior (D:11)
  A swamp dragon (Lair:6)
  A deep elf pyromancer (D:12)
  5 cyclopes
  7 ugly things
  4 oklob plants (Lair:6)
  2 manticores
  10 elephants
  4 black mambas
  3 ice statues (IceCv)
  9 cane toads
  9 centaur zombies
  A gargoyle (D:13)
  6 torpor snails
  A komodo dragon (shapeshifter) (D:11)
  An efreet (D:13)
  11 rime drakes
  9 komodo dragons
  2 trolls
  Prince Ribbit (D:6)
  3 polar bears
  13 blink frogs
  4 tyrant leeches (Lair:6)
  A wind drake (Lair:4)
  9 hornets
  7 slime creatures (D:13)
  6 dream sheep (Lair:6)
  A water elemental (D:13)
  Eustachio (D:6)
  10 wyverns
  2 wraiths
  A vampire (D:10)
  8 basilisks
  32 yaks
  3 hogs (D:13)
  3 steam dragons
  Grum (D:9)
  8 vampire mosquitoes (D:12)
  The ghost of NateTC the Shield-Bearer, an amateur GrFi of Kikubaaqudgha (D:4)
  5 nagas (Lair:2)
  4 acid dragons
  10 water moccasins
  Purgy (Sewer)
  2 swamp drakes
  A hornet zombie (D:4)
  8 orc warriors
  7 ice beasts
  4 sky beasts
  A black bear (D:11)
  9 centaurs
  5 ogres
  11 wolves
  A phantom (D:4)
  5 kobold brigands
  17 bullfrogs
  2 gnoll sergeants (D:7)
  4 scorpions
  A wyvern zombie (D:7)
  A wyvern skeleton (D:7)
  2 water moccasin skeletons (D:6)
  5 killer bees (D:10)
  4 wights
  6 electric eels
  9 howler monkeys
  A bullfrog zombie (D:5)
  A gnoll shaman (D:9)
  2 lava snakes (D:8)
  2 orc priests
  5 hounds
  A jelly (D:4)
  A bullfrog skeleton (D:4)
  Crazy Yiuf (D:5)
  2 iguanas
  17 orc wizards
  A scorpion zombie (D:5)
  A killer bee zombie (D:9)
  A hound skeleton (D:4)
  3 howler monkey zombies
  12 gnolls
  2 adders
  A howler monkey skeleton (D:4)
  A river rat (D:5)
  A shadow imp (D:6)
  2 white imps
  2 ufetubi
  3 dart slugs
  60 orcs
  2 endoplasms (D:1)
  5 giant cockroaches
  2 goblins (D:1)
  8 hobgoblins
  5 jackals
  3 quokkas
  10 ball pythons
  3 bats
  8 frilled lizards
  23 kobolds
  A quokka skeleton (D:4)
  10 rats
  2 butterflies (Lair:1)
562 creatures vanquished.

Vanquished Creatures (others)
  28 fungi
  52 plants
80 creatures vanquished.

Grand Total: 642 creatures vanquished

Notes
Turn   | Place    | Note
-------+----------+-------------------------------------------
     0 | D:1      | robertstho the Tengu Fighter began the quest for the Orb.
     0 | D:1      | Reached XP level 1. HP: 14/14 MP: 2/2
    48 | D:1      | Found a faded altar of an unknown god.
   142 | D:1      | Reached XP level 2. HP: 13/19 MP: 3/3
  1108 | D:2      | Reached XP level 3. HP: 23/23 MP: 4/4
  1199 | D:2      | Found a basalt altar of Yredelemnul.
  1487 | D:2      | Identified a scroll of acquirement
  1487 | D:2      | Acquired the ring "Vefuh" {rC+ Will- AC+4 Int+2}
  1751 | D:3      | Reached XP level 4. HP: 26/28 MP: 5/5
  1900 | D:3      | Noticed a scorpion
  1908 | D:3      | Killed a scorpion
  1909 | D:3      | Reached skill level 3 in Axes
  1909 | D:3      | Gained mutation: Your magical nature lets you fly swiftly
                  | and evasively. [Tengu growth]
  1909 | D:3      | Reached XP level 5. HP: 33/33 MP: 6/6
  2061 | D:3      | Found a basalt altar of Yredelemnul.
  2349 | D:4      | Found a sparkling altar of Nemelex Xobeh.
  2463 | D:4      | Found a runed translucent gate.
  2464 | D:4      | Found a runed translucent gate.
  2465 | D:4      | Found a runed translucent gate.
  2466 | D:4      | Noticed NateTC's ghost (amateur GrFi)
  2557 | D:4      | Noticed a phantom
  2565 | D:4      | Killed a phantom
  2566 | D:4      | Reached skill level 4 in Axes
  2569 | D:4      | Reached XP level 6. HP: 35/38 MP: 7/7
  2746 | D:4      | Reached skill level 5 in Armour
  2769 | D:4      | Reached skill level 1 in Dodging
  2835 | D:4      | Found a shimmering blue altar of Sif Muna.
  2835 | D:4      | Found an ornate altar of the Wu Jian Council.
  2835 | D:4      | Found a sacrificial altar of Ru.
  2898 | D:4      | Reached skill level 5 in Axes
  2898 | D:4      | Reached XP level 7. HP: 42/43 MP: 8/8
  2926 | D:4      | Found a hide-covered altar of Uskayaw.
  3233 | D:4      | Killed NateTC's ghost
  3240 | D:4      | Reached skill level 6 in Axes
  3290 | D:5      | Entered Level 5 of the Dungeon
  3290 | D:5      | Found Ewkung's General Store.
  3293 | D:5      | Found Abiseula's Assorted Antiques.
  3303 | D:5      | Found Zaidda's Armour Boutique.
  3326 | D:5      | Reached XP level 8. HP: 48/48 MP: 9/9
  3357 | D:5      | Found Cadoaj's Book Shop.
  3389 | D:5      | Found Qufruda's Book Emporium.
  3447 | D:5      | Noticed a wyvern
  3454 | D:5      | Killed a wyvern
  3510 | D:5      | Reached skill level 5 in Fighting
  3510 | D:5      | Reached skill level 7 in Axes
  3532 | D:5      | Found a glowing drain.
  3560 | Sewer    | Entered a sewer
  3735 | Sewer    | Noticed Purgy
  3749 | Sewer    | Killed Purgy
  3750 | Sewer    | Reached skill level 5 in Shields
  3787 | D:5      | Found a runed translucent door.
  3788 | D:5      | Noticed Crazy Yiuf
  3891 | D:5      | Found a staircase to the Ecumenical Temple.
  4176 | D:5      | Killed Crazy Yiuf
  4262 | Temple   | Entered the Ecumenical Temple
  4269 | Temple   | Became a worshipper of Qazlal Stormbringer
  4489 | D:6      | Reached XP level 9. HP: 54/54 MP: 10/10
  4570 | D:6      | Found Cupluh's Assorted Antiques.
  4589 | D:6      | Reached skill level 8 in Axes
  4696 | D:6      | Reached skill level 1 in Invocations
  4734 | D:6      | Found a broken altar of Ashenzari.
  4775 | D:6      | Noticed Eustachio
  4815 | D:6      | Killed Eustachio
  4942 | D:6      | Noticed Prince Ribbit
  4959 | D:6      | Killed Prince Ribbit
  5372 | D:7      | Reached skill level 1 in Stealth
  5400 | D:7      | Found an opulent altar of Gozag.
  5413 | D:7      | Reached * piety under Qazlal
  5416 | D:7      | Found an iron altar of Okawaru.
  5436 | D:7      | Reached skill level 9 in Axes
  5619 | D:7      | Reached XP level 10. HP: 61/61 MP: 12/12
  6434 | D:5      | Bought a +2 cloak of preservation for 301 gold pieces
  7124 | D:8      | Noticed a red ugly thing
  7134 | D:8      | Noticed a two-headed ogre
  7146 | D:8      | Reached ** piety under Qazlal
  7147 | D:8      | Reached skill level 10 in Axes
  7148 | D:8      | Killed a two-headed ogre
  7190 | D:8      | Killed a red ugly thing
  7191 | D:8      | Reached XP level 11. HP: 64/67 MP: 13/15
  7706 | D:9      | Noticed Grum
  7727 | D:9      | Killed Grum
  7783 | D:9      | Found a glowing silver altar of Zin.
  7813 | D:9      | Reached *** piety under Qazlal
  7906 | D:9      | Noticed a two-headed ogre
  7912 | D:9      | Killed a two-headed ogre
  8351 | D:10     | Entered Level 10 of the Dungeon
  8466 | D:10     | Found a blossoming altar of Fedhas.
  8493 | D:10     | Noticed a cyan ugly thing
  8503 | D:10     | Killed a cyan ugly thing
  8515 | D:10     | Reached **** piety under Qazlal
  8519 | D:10     | Identified the +6 mace of the Enchanted Forest {drain,
                  | rElec rN+ Int-5}
  8553 | D:10     | Noticed a two-headed ogre
  8559 | D:10     | Killed a two-headed ogre
  8560 | D:10     | Reached skill level 11 in Axes
  9007 | D:10     | Reached skill level 10 in Armour
  9007 | D:10     | Reached skill level 5 in Invocations
  9015 | D:10     | Found an ancient bone altar of Kikubaaqudgha.
  9132 | D:11     | Found a staircase to the Lair.
  9133 | D:11     | Noticed a boulder beetle
  9165 | D:11     | Killed a boulder beetle
  9166 | D:11     | Reached XP level 12. HP: 22/75 MP: 15/17
  9237 | D:11     | Noticed Harold
  9248 | D:11     | Killed Harold
  9450 | D:11     | Noticed a two-headed ogre
  9455 | D:11     | Killed a two-headed ogre
  9842 | D:11     | Found a runed translucent door.
  9845 | D:11     | Noticed a five-headed hydra
  9856 | D:11     | Killed a five-headed hydra
  9884 | D:11     | Noticed a death knight
  9896 | D:11     | Reached skill level 1 in Maces & Flails
  9896 | D:11     | Reached ***** piety under Qazlal
  9898 | D:11     | Killed a death knight
 10007 | D:12     | Found a snail-covered altar of Cheibriados.
 10265 | Lair:1   | Entered Level 1 of the Lair of Beasts
 10503 | Lair:1   | Reached skill level 10 in Shields
 10532 | Lair:1   | Noticed Nergalle
 10553 | Lair:1   | Killed Nergalle
 10554 | Lair:1   | Reached XP level 13. HP: 80/80 MP: 18/18
 10942 | Lair:2   | Acquired a +2 broad axe of flaming
 11232 | Lair:2   | Found a staircase to the Snake Pit.
 11707 | Lair:3   | Reached skill level 12 in Axes
 11806 | Lair:3   | Reached skill level 10 in Fighting
 12148 | Lair:3   | Acquired the +4 crystal plate armour "Iruiqos" {rF++ Str+6
                  | Dex+3}
 12203 | Lair:4   | Found a staircase to the Shoals.
 12261 | Lair:4   | Reached ****** piety under Qazlal
 12398 | Lair:4   | Reached XP level 14. HP: 88/88 MP: 20/20
 12516 | Lair:4   | Identified the +1 leather armour of Omission {Dex+3}
 13291 | Lair:5   | Reached skill level 13 in Axes
 13771 | Lair:6   | Entered Level 6 of the Lair of Beasts
 13771 | Lair:6   | Noticed Rupert
 13792 | Lair:6   | Killed Rupert
 13842 | Lair:6   | Noticed Urug
 13852 | Lair:6   | Killed Urug
 13943 | Lair:6   | Found a staircase to the Slime Pits.
 13990 | Lair:6   | Found a frozen archway.
 13998 | IceCv    | Entered an ice cave
 14115 | IceCv    | Identified the ring of Iduitus {EV+4 Dex+4 Stlth+}
 14324 | Lair:6   | Reached skill level 14 in Axes
 14344 | Lair:6   | Reached XP level 15. HP: 23/95 MP: 22/22
 14439 | Lair:6   | Found a runed translucent door.
 15623 | D:12     | Found a staircase to the Orcish Mines.
 15826 | D:13     | Noticed Kirke
 15846 | D:13     | Killed Kirke
 15870 | D:13     | Found a runed translucent gate.
 15870 | D:13     | Found a runed translucent gate.
 15871 | D:13     | Noticed Eplif's ghost (journeyman MiGl)
 15871 | D:13     | Noticed a lich
 15871 | D:13     | Noticed a lich
 15871 | D:13     | Noticed Xiat Xai's ghost (journeyman DrFE)
 15872 | D:13     | Found an ancient bone altar of Kikubaaqudgha.
 15873 | D:13     | Found a runed translucent gate.
 15873 | D:13     | Noticed Ejaov's ghost (journeyman GnWr)
 15908 | D:13     | Noticed Frances
 15913 | D:13     | Noticed Jorgrun
 15924 | D:13     | Killed Frances
 15930 | D:13     | Killed from afar by Jorgrun

Illustrated notes

Levels and vault maps discovered:
D:1:      dpeg_arrival_round_a, layout_basic, hellmonk_ecumenical_altar_blasted,
          nrook_uturn, minmay_quantized
D:2:      layout_basic, basic_altar
D:3:      layout_loops_ring, nicolae_overflow_crystal_walls
D:4:      layout_loops_ring, overflow_temple_1_default,
          grunt_temple_overflow_cloverleaf, gammafunk_ghost_necromancy
D:5:      layout_cave_pools, minmay_temple_entry_grid, portal_sewer_entry_b,
          serial_shops, shop, shop, shop, shop, shop,
          chequers_serial_rivers_marsh, dk_vineyard_1, uniq_crazy_yiuf_cottage
D:6:      layout_loops_corners, ashenzari_conservatory_becter, serial_shops,
          shop, nicolae_sextant, chequers_serial_rivers_large_b,
          uniq_prince_ribbit1, uniq_eustachio
D:7:      layout_basic, jmf_multi_god_temple, minmay_misc_feat_encased,
          kennysheep_small_square
D:8:      minmay_clustersquares, layout_basic, serial_co_window_serial,
          co_window_of_opportunity_a, co_window_of_opportunity_a,
          co_window_cross_1, co_window_paths_a, co_window_corner_a,
          co_window_2corner, co_window_2corner, co_window_2corner,
          co_window_unsneaky_path_e, glass_columns_a, glass_columns_a,
          glass_columns_a, kennysheep_path_1
D:9:      layout_stronghold, zin_academy, uniq_grum
D:10:     layout_roguey [special_room_orc], fedhas_altar_3,
          kiku_gazebo_garden_becter
D:11:     layout_loops_cross, minmay_lair_entry_grove, minmay_misc_feat_cross,
          lightli_airlock, uniq_harold
D:12:     layout_basic, erik_orc_1, grunt_decor_one_mirror,
          kennysheep_slug_shrine
D:13:     minmay_the_grid_triangle_9x9_recursive_3_mashed
          [minmay_the_grid_triangle_9x9_minimal,
          minmay_the_grid_triangle_9x9_corrupted_corridor,
          minmay_the_grid_triangle_9x9_corruption,
          minmay_the_grid_triangle_9x9_prize_schism,
          minmay_the_grid_triangle_9x9_odd_lines,
          minmay_the_grid_triangle_9x9_intruding_spiral,
          minmay_the_grid_triangle_9x9_checkered,
          minmay_the_grid_triangle_9x9_sparse_checkered,
          minmay_the_grid_triangle_9x9_subtriangle], layout_basic,
          gammafunk_ghost_crypt, dk_noncrumbling_3, uniq_kirke, uniq_maurice,
          uniq_jorgrun, uniq_frances
Temple:   eino_wide_crystal_templ
Lair:1:   layout_misc_corridors, lemuel_old_faithful, lemuel_fruit_fields,
          uniq_nergalle
Lair:2:   layout_small_grid, minmay_snake_entry_guardpost_large
Lair:3:   layout_misc_corridors
Lair:4:   layout_cave_pods, minmay_shoals_entry_beasts, minmay_hedge_maze,
          st_stairs_13, serial_bayou_pond_a, lemuel_fruit_tree,
          infiniplex_staircase_pool
Lair:5:   layout_roguey, minmay_lair_drake_nest
Lair:6:   guppyfry_lair_end_dragon, layout_misc_corridors, wormcave,
          minmay_slime_entry_oklob_open, portal_ice_cave_rime,
          serial_bayou_lagoon_b, uniq_urug, uniq_rupert

Skill      XL: |  1  2  3  4  5  6  7  8  9 10 11 12 13 14 15 |
---------------+----------------------------------------------+-----
Armour         | 4 5 6 7 9 10 11 12 13 | 13.3
Axes           | 3 4 5 6 7 9 10 11 12 14 | 14.5
Fighting       | 4 5 6 7 8 9 10 11 12 | 12.0
Dodging        | 1 2 3 |  3.9
Shields        | 4 5 6 7 8 10 11 12 | 12.5
Invocations    | 2 4 5 6 7 8 9 |  9.1
Stealth        | 1 |  1.2
Maces & Flails | 4 |  4.8

Action                   |  1- 3 |  4- 6 |  7- 9 | 10-12 | 13-15 || total
-------------------------+-------+-------+-------+-------+-------++-------
Melee: War axe           |    68 |    76 |   290 |   317 |       ||   751
       Kick              |    14 |    19 |    97 |   171 |   300 ||   601
       Peck              |     7 |    15 |    64 |   115 |   186 ||   387
       Hand axe          |       |       |       |    89 |       ||    89
       Mace              |       |       |       |   107 |    19 ||   126
       Broad axe         |       |       |       |       |   606 ||   606
       Unarmed           |       |       |       |       |     3 ||     3
  Use: Scroll            |     2 |     2 |     5 |     8 |    14 ||    31
       Potion            |       |     2 |       |     6 |     1 ||     9
Armor: Scale mail        |    29 |    41 |   202 |    14 |       ||   286
       Plate armour      |       |       |       |   333 |    73 ||   406
       Crystal plate arm |       |       |       |       |   315 ||   315
Dodge: Dodged            |    13 |    26 |   113 |    74 |   101 ||   327
       Repelled          |       |       |       |       |    10 ||    10
Block: Kite shield       |    32 |    40 |    37 |       |       ||   109
       Tower shield      |       |       |   216 |   613 |   842 ||  1671

Table legend: (Time is in decaauts)
 A = Elapsed time spent in this place.
 B = Non-inter-level travel time spent in this place.
 C = Inter-level travel time spent in this place.
 D = Time resting spent in this place.
 E = Time spent auto-exploring this place.
 F = Levels seen in this place.
 G = Mean time per level.
                   A        B        C        D        E       F      G
               +--------+--------+--------+--------+--------+-----+--------+
         Total |  15320 |  14342 |    978 |    112 |  10659 |  22 |  696.4 |
       Dungeon |  10344 |   9562 |    782 |     32 |   7163 |  13 |  795.7 |
        Temple |     14 |      6 |      8 |      0 |      1 |   1 |   14.0 |
          Lair |   4606 |   4418 |    188 |     80 |   3349 |   6 |  767.7 |
         Sewer |    202 |    202 |      0 |      0 |    133 |   1 |  202.0 |
      Ice Cave |    151 |    151 |      0 |      0 |     11 |   1 |  151.0 |
               +--------+--------+--------+--------+--------+-----+--------+

Top non-repeatable levels by time:
     D:8: 1256 daAuts
  Lair:6: 1237 daAuts
     D:1: 1052 daAuts
     D:6: 1027 daAuts
  Lair:4: 940 daAuts
    D:11: 911 daAuts
     D:4: 905 daAuts
  Lair:2: 821 daAuts
     D:5: 818 daAuts
     D:7: 809 daAuts
    D:10: 738 daAuts
     D:9: 737 daAuts
     D:2: 668 daAuts
     D:3: 638 daAuts
    D:12: 630 daAuts
